NYP
LOS ANGELES (NYP) ANGELS @ SPOKANE INDIANS
08/18/2047
 
TOP OF THE 1ST
Los Angeles (NYP) Angels batting - Pitching for Spokane Indians : RHP Dan Rohrbach
Pitching: RHP Dan Rohrbach
Batting: LHB Dave Hicks 0-0: Ball
1-0: Ball
2-0: Called Strike
2-1: Called Strike
2-2: Ball
3-2: Strikes out swinging
Batting: RHB Ricky Mejicanos 0-0: Ball
1-0: Foul Ball, location: 2F
1-1: Ball
2-1: Swinging Strike
2-2: Foul Ball, location: 2F
2-2: Strikes out swinging
Batting: RHB Juan Montez 0-0: Ball
1-0: Ball
2-0: Foul Ball, location: 2F
2-1: Swinging Strike
2-2: Strikes out swinging
Top of the 1st over - 0 runs, 0 hits, 0 errors, 0 left on base; Los Angeles (NYP) 0 - Spokane 0
BOTTOM OF THE 1ST
Spokane Indians batting - Pitching for Los Angeles (NYP) Angels : RHP Eli Mercedes
Pitching: RHP Eli Mercedes
Batting: LHB Jose Baez 0-0: Ball
1-0: Swinging Strike
1-1: Ball
2-1: Ball
3-1: Base on Balls
Batting: RHB Andres Mendiola 0-0: Called Strike
0-1: Fielders Choice at 2nd, 4-6 (Groundball, 34, EV 78.1 MPH)
Batting: LHB Gabriel Graves 0-0: Ball
1-0: Ball
Andres Mendiola steals 2nd, throwing error, E2
Andres Mendiola to third
2-0: Foul Ball, location: 2F
2-1: Foul Ball, location: 2F
2-2: Ground out 4-3 (Groundball, 4, EV 96.2 MPH)
Andres Mendiola scores
Batting: RHB Sergio Godinez 0-0: Foul Ball, location: 2F
0-1: Ball
1-1: Ball
2-1: Ground out 4-3 (Groundball, 4M, EV 80.6 MPH)
Bottom of the 1st over - 1 run, 0 hits, 1 error, 0 left on base; Los Angeles (NYP) 0 - Spokane 1
TOP OF THE 2ND
Los Angeles (NYP) Angels batting - Pitching for Spokane Indians : RHP Dan Rohrbach
Now in RF: Caleb Domino
Batting: LHB Matthew Bale 0-0: Called Strike
0-1: Fly out, F8 (Flyball, 8LD, EV 91.9 MPH)
Batting: RHB Dean LeCroy 0-0: Ball
1-0: Called Strike
1-1: Foul Ball, location: 2F
1-2: Foul Ball, location: 2F
1-2: Foul Ball, location: 2F
1-2: Ball
2-2: TRIPLE (Flyball, 9LD, EV 101.9 MPH)
Batting: LHB Mutsuo IIda 0-0: Foul Ball, location: 2F
0-1: Ball
1-1: Ball
2-1: Foul Ball, location: 2F
2-2: Ball
3-2: Foul Ball, location: 2F
3-2: Foul Ball, location: 2F
3-2: Foul Ball, location: 2F
3-2: Foul Ball, location: 2F
3-2: Strikes out swinging
Batting: RHB Phil Knox 0-0: Ground out U3 (Groundball, 3, EV 86.2 MPH)
Top of the 2nd over - 0 runs, 1 hit, 0 errors, 1 left on base; Los Angeles (NYP) 0 - Spokane 1
BOTTOM OF THE 2ND
Spokane Indians batting - Pitching for Los Angeles (NYP) Angels : RHP Eli Mercedes
Batting: RHB Danny Odom 0-0: Called Strike
0-1: Swinging Strike
0-2: Ball
1-2: Ball
2-2: Ground out 3-1 (Groundball, 34S, EV 81.9 MPH)
Batting: RHB Josh Whitmore 0-0: Called Strike
0-1: Foul Ball, location: 2F
0-2: Ball
1-2: Strikes out swinging
Batting: RHB Luke Stark 0-0: Called Strike
0-1: Foul Ball, location: 2F
0-2: Ball
1-2: Ball
2-2: Ball
3-2: Ground out 4-3 (Groundball, 4, EV 95.6 MPH)
Bottom of the 2nd over - 0 runs, 0 hits, 0 errors, 0 left on base; Los Angeles (NYP) 0 - Spokane 1
TOP OF THE 3RD
Los Angeles (NYP) Angels batting - Pitching for Spokane Indians : RHP Dan Rohrbach
Batting: LHB Spencer Palmer 0-0: Called Strike
0-1: Foul Ball, location: 2F
0-2: Strikes out swinging
Batting: RHB Ron Major 0-0: Called Strike
0-1: Ball
1-1: Foul Ball, location: 2F
1-2: Foul Ball, location: 2F
1-2: Strikes out looking
Batting: LHB Dave Hicks 0-0: Foul Ball, location: 2F
0-1: Called Strike
0-2: Strikes out swinging
Top of the 3rd over - 0 runs, 0 hits, 0 errors, 0 left on base; Los Angeles (NYP) 0 - Spokane 1
BOTTOM OF THE 3RD
Spokane Indians batting - Pitching for Los Angeles (NYP) Angels : RHP Eli Mercedes
Batting: RHB Orlando Melchor 0-0: Called Strike
0-1: Fly out, F8 (Flyball, 8RXD, EV 85.0 MPH)
Batting: RHB Shoh Tanioka 0-0: Ball
1-0: Ball
2-0: Foul Ball, location: 2F
2-1: Ball
3-1: Called Strike
3-2: Base on Balls
Batting: LHB Caleb Domino 0-0: Foul Ball, location: 2F
0-1: Ball
1-1: Ball
2-1: SINGLE (Groundball, 25, EV 71.9 MPH) (infield hit)
Shoh Tanioka to second
Batting: RHB Andres Mendiola 0-0: Swinging Strike
0-1: Ball
1-1: Ball
2-1: Foul Ball, location: 2F
2-2: SINGLE (Line Drive, 34D, EV 105.6 MPH)
Shoh Tanioka to third
Caleb Domino to second
Runner from 3rd tries for Home, SAFE, throw by RF to home
Batting: LHB Gabriel Graves 0-0: Called Strike
Caleb Domino steals 3rd base (no throw)
0-1: Ball
1-1: Ball
2-1: Foul Ball, location: 2F
2-2: Ball
3-2: Fly out, F8 (Flyball, 8LD, EV 96.2 MPH)
Runner from 3rd tags up, SCORES, throw by CF
Now in LF: T.J. Gray
Now in CF: Mutsuo IIda
Now in RF: Ricky Mejicanos
Batting: RHB Sergio Godinez 0-0: Called Strike
0-1: Ball
1-1: SINGLE (Groundball, 56D, EV 105.6 MPH)
Andres Mendiola to second
Batting: RHB Danny Odom 0-0: Ball
1-0: Called Strike
1-1: Ball
2-1: SINGLE (Flyball, 9LS, EV 98.8 MPH)
Andres Mendiola to third
Sergio Godinez to second
Runner from 3rd tries for Home, SAFE, throw by RF to home
Batting: RHB Josh Whitmore 0-0: Ball
1-0: Foul Ball, location: 2F
1-1: Foul Ball, location: 2F
1-2: Strikes out swinging
Bottom of the 3rd over - 3 runs, 4 hits, 0 errors, 2 left on base; Los Angeles (NYP) 0 - Spokane 4
TOP OF THE 4TH
Los Angeles (NYP) Angels batting - Pitching for Spokane Indians : RHP Dan Rohrbach
Batting: RHB Ricky Mejicanos 0-0: Ball
1-0: Called Strike
1-1: Swinging Strike
1-2: Ground out 5-3 (Groundball, 15, EV 91.9 MPH)
Batting: RHB Juan Montez 0-0: Ball
1-0: Ball
2-0: Ball
3-0: DOUBLE (Line Drive, 78XD, EV 107.5 MPH)
Batting: LHB Matthew Bale 0-0: 2-RUN HOME RUN (Line Drive, 9LD, EV 91.9 MPH), Distance : 351 ft
Batting: RHB T.J. Gray 0-0: Ball
1-0: Ground out 5-3 (Groundball, 56, EV 80.0 MPH)
Batting: LHB Mutsuo IIda 0-0: Foul Ball, location: 2F
0-1: Ball
1-1: Foul Ball, location: 2F
1-2: SINGLE (Groundball, 4MD, EV 97.5 MPH)
Batting: RHB Phil Knox 0-0: Ball
1-0: Foul Ball, location: 2F
1-1: Ball
Mutsuo IIda is caught stealing 2nd base 2-4
Top of the 4th over - 2 runs, 3 hits, 0 errors, 0 left on base; Los Angeles (NYP) 2 - Spokane 4
BOTTOM OF THE 4TH
Spokane Indians batting - Pitching for Los Angeles (NYP) Angels : RHP Eli Mercedes
Batting: RHB Luke Stark 0-0: Ball
1-0: Ball
2-0: Ball
3-0: Base on Balls
Batting: RHB Orlando Melchor 0-0: Called Strike
0-1: Ball
1-1: Called Strike
1-2: SINGLE (Groundball, 5S, EV 65.6 MPH) (infield hit)
Luke Stark to second
Batting: RHB Shoh Tanioka 0-0: Called Strike
0-1: Swinging Strike
0-2: Strikes out swinging
Batting: LHB Caleb Domino 0-0: SINGLE (Line Drive, 89M, EV 95.6 MPH)
Luke Stark to third
Orlando Melchor to second
Runner from 3rd tries for Home, SAFE, throw by CF to home
Pitching: RHP Adam Hefner
Batting: RHB Andres Mendiola 0-0: Ball
1-0: Ball
2-0: Fielders Choice at 2nd, 3-6 (Groundball, 34, EV 83.1 MPH)
Orlando Melchor to third
Batting: LHB Gabriel Graves 0-0: Ball
1-0: Called Strike
1-1: Foul Ball, location: 2F
1-2: Foul Ball, location: 2F
1-2: Ground out U3 (Groundball, 3L, EV 87.5 MPH)
Bottom of the 4th over - 1 run, 2 hits, 0 errors, 2 left on base; Los Angeles (NYP) 2 - Spokane 5
TOP OF THE 5TH
Los Angeles (NYP) Angels batting - Pitching for Spokane Indians : RHP Dan Rohrbach
Batting: RHB Phil Knox 0-0: Called Strike
0-1: Ground out 5-3 (Groundball, 56D, EV 99.4 MPH)
Batting: LHB Spencer Palmer 0-0: Ball
1-0: Swinging Strike
1-1: Ground out 4-3 (Groundball, 4, EV 77.5 MPH)
Batting: RHB Ron Major 0-0: Swinging Strike
0-1: SINGLE (Groundball, 34D, EV 106.2 MPH)
Batting: LHB Dave Hicks 0-0: Called Strike
0-1: Foul Ball, location: 2F
0-2: Ball
1-2: Foul Ball, location: 2F
1-2: Ball
2-2: Foul Ball, location: 2F
2-2: Ball
Pickoff Throw by Catcher to First - Out!
Top of the 5th over - 0 runs, 1 hit, 0 errors, 0 left on base; Los Angeles (NYP) 2 - Spokane 5
BOTTOM OF THE 5TH
Spokane Indians batting - Pitching for Los Angeles (NYP) Angels : RHP Adam Hefner
Batting: RHB Sergio Godinez 0-0: Ball
1-0: SINGLE (Line Drive, 89S, EV 109.4 MPH)
Batting: RHB Danny Odom 0-0: Foul Ball, location: 2F
0-1: Ball
1-1: Ball
2-1: SINGLE (Line Drive, 4MD, EV 95.0 MPH)
Sergio Godinez to second
Batting: RHB Josh Whitmore 0-0: Ball
1-0: Called Strike
1-1: Swinging Strike
1-2: Ball
2-2: SINGLE (Groundball, 56D, EV 101.9 MPH)
Sergio Godinez to third
Danny Odom to second
Batting: RHB Luke Stark 0-0: Foul Ball, location: 2F
0-1: Swinging Strike
0-2: Foul Ball, location: 2F
0-2: Ball
1-2: Fly out, F3 (Popup, 3F, EV 74.4 MPH)
Batting: RHB Orlando Melchor 0-0: Ball
1-0: Ball
2-0: Called Strike
2-1: Called Strike
2-2: Ball
3-2: TRIPLE (Line Drive, 8LXD, EV 103.1 MPH)
Sergio Godinez scores
Danny Odom scores
Josh Whitmore scores
Batting: RHB Shoh Tanioka 0-0: Ball
1-0: Ball
2-0: Ball
3-0: Base on Balls
Batting: LHB Caleb Domino 0-0: Ball
Shoh Tanioka is caught stealing 2nd base 2-6
1-0: Ball
2-0: Fly out, F6 (Popup, 6, EV 57.5 MPH)
Bottom of the 5th over - 3 runs, 4 hits, 0 errors, 1 left on base; Los Angeles (NYP) 2 - Spokane 8
TOP OF THE 6TH
Los Angeles (NYP) Angels batting - Pitching for Spokane Indians : RHP Dan Rohrbach
Batting: LHB Dave Hicks 0-0: Ball
1-0: Ball
2-0: Ball
3-0: Called Strike
3-1: Called Strike
3-2: Base on Balls
Pitching: LHP Tommy Hall
Batting: RHB Ricky Mejicanos 0-0: Called Strike
0-1: Ball
1-1: Swinging Strike
1-2: Ball
2-2: Fly out, F9 (Line Drive, 9, EV 83.1 MPH)
Batting: RHB Juan Montez 0-0: Foul Ball, location: 2F
0-1: Foul Ball, location: 2F
0-2: Fly out, F4 (Popup, 4D, EV 65.6 MPH)
Batting: LHB Matthew Bale 0-0: Ball
Dave Hicks steals 2nd base
1-0: Ball
2-0: Foul Ball, location: 2F
2-1: Foul Ball, location: 2F
2-2: Fly out, F7 (Line Drive, 78M, EV 88.1 MPH)
Top of the 6th over - 0 runs, 0 hits, 0 errors, 1 left on base; Los Angeles (NYP) 2 - Spokane 8
BOTTOM OF THE 6TH
Spokane Indians batting - Pitching for Los Angeles (NYP) Angels : RHP Adam Hefner
Batting: RHB Andres Mendiola 0-0: Ball
1-0: Fly out, F8 (Flyball, 8RD, EV 81.2 MPH)
Pitching: RHP Cal Abbott
Batting: LHB Gabriel Graves 0-0: Ball
1-0: Swinging Strike
1-1: SINGLE (Line Drive, 34D, EV 98.1 MPH)
Batting: RHB Sergio Godinez 0-0: Called Strike
Gabriel Graves steals 2nd base
0-1: Ball
1-1: Ball
2-1: Called Strike
Gabriel Graves steals 3rd base
2-2: Ground out U3 (Groundball, 3S, EV 80.0 MPH)
Batting: RHB Danny Odom 0-0: Swinging Strike
0-1: SINGLE (Line Drive, 5D, EV 103.8 MPH)
Gabriel Graves scores
Batting: RHB Josh Whitmore 0-0: Ball
Danny Odom steals 2nd base
1-0: Called Strike
1-1: Foul Ball, location: 2F
1-2: Ball
2-2: Strikes out swinging
Bottom of the 6th over - 1 run, 2 hits, 0 errors, 1 left on base; Los Angeles (NYP) 2 - Spokane 9
TOP OF THE 7TH
Los Angeles (NYP) Angels batting - Pitching for Spokane Indians : LHP Tommy Hall
Now at 1B: Herb Craig
Now at SS: Darnell Jones
Pinch Hitting: LHB Jamie Diebel 0-0: Called Strike
0-1: Called Strike
0-2: Ball
1-2: Ground out 4-3 (Groundball, 34D, EV 110.0 MPH)
Batting: LHB Mutsuo IIda 0-0: Called Strike
0-1: Ball
1-1: Fly out, F8 (Flyball, 8LM, EV 83.8 MPH)
Batting: RHB Phil Knox 0-0: Ball
1-0: Ground out 4-3 (Groundball, 4S, EV 90.6 MPH)
Top of the 7th over - 0 runs, 0 hits, 0 errors, 0 left on base; Los Angeles (NYP) 2 - Spokane 9
BOTTOM OF THE 7TH
Spokane Indians batting - Pitching for Los Angeles (NYP) Angels : RHP Cal Abbott
Now in LF: Ricky Mejicanos
Now in RF: Jamie Diebel
Batting: RHB Luke Stark 0-0: Ball
1-0: Foul Ball, location: 2F
1-1: Swinging Strike
1-2: Foul Ball, location: 2F
1-2: Strikes out swinging
Pinch Hitting: LHB Walter Vegter 0-0: Called Strike
0-1: Ball
1-1: Ball
2-1: Swinging Strike
2-2: Ball
3-2: SINGLE (Line Drive, 8RS, EV 101.9 MPH)
Pinch Hitting: RHB Rick Concha 0-0: Ball
Walter Vegter steals 2nd base (no throw)
1-0: Ball
2-0: Ball
3-0: Base on Balls
Batting: LHB Caleb Domino 0-0: Ball
1-0: Foul Ball, location: 2F
1-1: Swinging Strike
1-2: Ball
2-2: Strikes out swinging
Batting: RHB Herb Craig 0-0: Foul Ball, location: 2F
0-1: Ball
1-1: Ground out 4-3 (Groundball, 4, EV 104.4 MPH)
Bottom of the 7th over - 0 runs, 1 hit, 0 errors, 2 left on base; Los Angeles (NYP) 2 - Spokane 9
TOP OF THE 8TH
Los Angeles (NYP) Angels batting - Pitching for Spokane Indians : LHP Tommy Hall
Now at 2B: Darnell Jones
Now at 3B: Rick Concha
Now at SS: Dave Brabo
Now in LF: Caleb Domino
Now in RF: Walter Vegter
Batting: LHB Spencer Palmer 0-0: Ball
1-0: Called Strike
1-1: Ball
2-1: Reached on error, E3 (Groundball, 34S, EV 84.4 MPH)
Batting: RHB Ron Major 0-0: Called Strike
0-1: Ball
1-1: Called Strike
1-2: Strikes out swinging
Pinch Hitting: RHB Edward Hillock 0-0: Called Strike
0-1: Swinging Strike
0-2: Strikes out swinging
Batting: RHB Ricky Mejicanos 0-0: Called Strike
0-1: Foul Ball, location: 2F
0-2: Ball
1-2: Ball
2-2: Fielders Choice at 2nd, 5-4 (Groundball, 5, EV 88.1 MPH)
Top of the 8th over - 0 runs, 0 hits, 1 error, 1 left on base; Los Angeles (NYP) 2 - Spokane 9
BOTTOM OF THE 8TH
Spokane Indians batting - Pitching for Los Angeles (NYP) Angels : RHP Cal Abbott
Pitching: RHP Simon Vogel
Now at 1B: Edward Hillock
Batting: LHB Gabriel Graves 0-0: Ball
1-0: Ground out 4-3 (Groundball, 4M, EV 106.2 MPH)
Batting: RHB Sergio Godinez 0-0: Called Strike
0-1: Ground out 5-3 (Groundball, 5S, EV 92.5 MPH)
Pinch Hitting: LHB Casper Kersten 0-0: Swinging Strike
0-1: Ball
1-1: Foul Ball, location: 2F
1-2: Ball
2-2: Foul Ball, location: 2F
2-2: Ball
3-2: Foul Ball, location: 2F
3-2: Strikes out swinging
Bottom of the 8th over - 0 runs, 0 hits, 0 errors, 0 left on base; Los Angeles (NYP) 2 - Spokane 9
TOP OF THE 9TH
Los Angeles (NYP) Angels batting - Pitching for Spokane Indians : LHP Tommy Hall
Now in CF: Casper Kersten
Batting: RHB Juan Montez 0-0: Called Strike
0-1: SINGLE (Groundball, 6MD, EV 102.5 MPH)
Batting: LHB Matthew Bale 0-0: Swinging Strike
0-1: Ball
1-1: SINGLE (Line Drive, 8LS, EV 95.6 MPH)
Juan Montez to second
Batting: LHB Jamie Diebel 0-0: Grounds into double play, 6-4-3 (Groundball, 56, EV 76.9 MPH)
Juan Montez to third
Batting: LHB Mutsuo IIda 0-0: Ball
1-0: Ground out 6-3 (Groundball, 6, EV 103.8 MPH)
Top of the 9th over - 0 runs, 2 hits, 0 errors, 1 left on base; Los Angeles (NYP) 2 - Spokane 9
Thursday, December 15th , 2022 - OOTP Baseball 23.9 Build 102